 Dungeon Crawl Stone Soup version 0.30-a0-824-g6c64550be9 (webtiles) character file.

Game seed: 3041626561564624820

2428772 Nacht the Unseen (level 27, 265/265 HPs)
             Began as a Naga Conjurer on Feb 28, 2023.
             Was the Champion of Vehumet.
             Escaped with the Orb
             ... and 4 runes!
             The game lasted 02:23:20 (68375 turns).

Nacht the Unseen (Naga Conjurer)                   Turns: 68375, Time: 02:23:20

Health: 265/265    AC: 33    Str: 13    XL:     27
Magic:  56/56      EV: 10    Int: 47    God:    Vehumet [******]
Gold:   2917       SH: 22    Dex: 12    Spells: 24/64 levels left

rFire   + + .      SeeInvis +    y - staff of conjuration
rCold   + + +      Faith    .    B - +4 kite shield {AC+3}
rNeg    . . .      Spirit   .    o - +2 robe {Archmagi}
rPois   +          Reflect  .    D - +3 hat of Pondering {ponderous, Will+ MP+10 Int+5}
rElec   +          Harm     .    x - +4 cloak of Wephax {rC+ Will+ Str+3}
rCorr   +          Rampage  .    E - +1 pair of gloves of the Floral God {Int+6}
Will    +++++      Archmagi +    j - +1 barding "Yrufir" {+Inv rC+++ Str-3 Dex-3}
Stlth   +++        Rage     3%   I - amulet of magic regeneration
HPRegen 0.64/turn                d - ring "Zuxteg" {Wiz rElec rC- SInv Stlth+}
MPRegen 0.75/turn                A - ring "Unehem" {rF++ rCorr Str+4 Int+6}

@: studying Axes, very slow
A: AC +9, large, see invisible, deformed body, poison resistance, slowness 2,
spit poison 1, naga tail 2, large bone plates 1, agile 1, berserk 1
0: Orb of Zot
}: 4/15 runes: serpentine, barnacled, slimy, silver
a: Spit Poison, Renounce Religion, Evoke Invisibility


You escaped.
You worshipped Vehumet.
Vehumet was exalted by your worship.
You visited 12 branches of the dungeon, and saw 56 of its levels.
You also visited: Trove, Sewer and Wizlab.

You collected 8563 gold pieces.
You spent 5646 gold pieces at shops.

Inventory:

Missiles
 c - 10 throwing nets
 e - 3 silver javelins
 P - 10 curare-tipped darts
Armour
 a - the +1 pair of gloves of the Powerful Wumpus {Regen+ Dex+5}
   (You acquired it on level 2 of the Orcish Mines)

   Dex:       It affects your dexterity (+5).
   Regen:     It increases your rate of health regeneration.
 j - the +1 barding "Yrufir" (worn) {+Inv rC+++ Str-3 Dex-3}
   (You found it on level 2 of the Dungeon)

   Str:       It affects your strength (-3).
   Dex:       It affects your dexterity (-3).
   rC:        It renders you almost immune to cold.
   +Inv:      It lets you turn invisible.
 o - a +2 robe of the Archmagi (worn)
 x - the +4 cloak of Wephax (worn) {rC+ Will+ Str+3}
   (You bought it in a shop on level 3 of the Vaults)

   Str:       It affects your strength (+3).
   rC:        It protects you from cold.
   Will:      It increases your willpower.
 B - a +4 kite shield of protection (worn)
 D - the +3 hat of Pondering (worn) {ponderous, Will+ MP+10 Int+5}
   (You took it off Gastronok on level 2 of the Lair of Beasts)

   Int:       It affects your intelligence (+5).
   MP:        It affects your magic capacity (+10).
   Will:      It increases your willpower.
 E - the +1 pair of gloves of the Floral God (worn) {Int+6}
   (You bought it in a shop on level 3 of the Vaults)

   Int:       It affects your intelligence (+6).
Magical Staves
 y - a staff of conjuration (weapon)
Jewellery
 d - the ring "Zuxteg" (left hand) {Wiz rElec rC- SInv Stlth+}
   (You bought it in a shop on level 1 of the Orcish Mines)

   [ring of wizardry]

   It improves your spell success rate.
   rC:        It makes you vulnerable to cold.
   rElec:     It insulates you from electricity.
   SInv:      It lets you see invisible.
   Stlth:     It makes you more stealthy.
 k - a ring of flight
 A - the ring "Unehem" (right hand) {rF++ rCorr Str+4 Int+6}
   (You took it off a deep elf master archer on level 3 of the Elven Halls)

   [ring of intelligence]

   Str:       It affects your strength (+4).
   Int:       It affects your intelligence (+6).
   rF:        It greatly protects you from fire.
   rCorr:     It protects you from acid and corrosion.
 I - an amulet of magic regeneration (around neck)
Wands
 p - a wand of quicksilver (53)
 r - a wand of roots (31)
 z - a wand of flame (60)
 J - a wand of paralysis (45)
 K - a wand of polymorph (5)
 Z - a wand of digging (26) (quivered)
Scrolls
 f - 8 scrolls of enchant armour
 h - 3 scrolls of silence
 l - 4 scrolls of brand weapon
 m - 12 scrolls of fog
 n - 21 scrolls of teleportation
 F - 9 scrolls of poison
 G - 4 scrolls of fear
 H - 7 scrolls of blinking
 M - 8 scrolls of magic mapping
 T - 10 scrolls of enchant weapon
 U - 5 scrolls of amnesia
 X - 3 scrolls of summoning
Potions
 b - 10 potions of lignification
 g - 40 potions of curing
 i - a potion of resistance
 q - 10 potions of ambrosia
 s - 4 potions of haste
 t - 13 potions of might
 v - 14 potions of flight
 w - 5 potions of mutation
 C - 5 potions of berserk rage
 L - 4 potions of invisibility
 N - 15 potions of heal wounds
 Q - 2 potions of cancellation
 S - 10 potions of brilliance
 W - 7 potions of attraction
 Y - 5 potions of magic


   Skills:
 - Level 19.0 Fighting
 + Level 10.3 Throwing
 + Level 8.9 Armour
 + Level 9.1 Dodging
 - Level 19.0 Stealth
 - Level 19.0 Shields
 - Level 19.0 Spellcasting
 - Level 19.0 Conjurations
 - Level 3.0 Hexes
 - Level 3.0 Translocations
 - Level 19.0 Fire Magic
 - Level 19.0 Air Magic
 - Level 19.0 Earth Magic
 - Level 8.0 Poison Magic


You had 24 spell levels left.
You knew the following spells:

 Your Spells              Type           Power      Damage    Failure   Level
a - Iron Shot             Conj/Erth      86%        9d16      1%          6
b - Chain Lightning       Conj/Air       86%        3d115     3%          9
c - Ignition              Fire           73%        3d19      1%          8
d - Fire Storm            Conj/Fire      86%        8d22      3%          9
m - Maxwell's Capacitive  Air            73%        ∞         1%          8

Your spell library contained the following spells:

 Spells                   Type           Power      Damage    Failure   Level
 Polar Vortex             Ice            30%        N/A       100%        9
 Foxfire                  Conj/Fire      100%       2x1d9     0%          1
 Kiss of Death            Conj/Necr      100%       2d13      0%          1
 Magic Dart               Conj           100%       1d8       0%          1
 Cigotuvi's Dreadful Rot  Necr/Pois/Air  100%       N/A       0%          2
 Passwall                 Tmut/Erth      96%        N/A       0%          2
 Poisonous Vapours        Pois/Air       100%       N/A       0%          2
 Scorch                   Fire           100%       2d10      0%          2
 Searing Ray              Conj           100%       2d8       0%          2
 Dazzling Flash           Conj/Hex       100%       N/A       0%          3
 Inner Flame              Hex/Fire       100%       N/A       0%          3
 Kindle Blastsparks       Fire/Tloc/Air  100%       2d18      0%          3
 Mephitic Cloud           Conj/Pois/Air  100%       N/A       0%          3
 Stone Arrow              Conj/Erth      100%       3d13      0%          3
 Swiftness                Air            100%       N/A       0%          3
 Vhi's Electric Charge    Tloc/Air       100%       N/A       0%          3
 Airstrike                Air            73%        2d(11-27) 0%          4
 Flame Wave               Conj/Fire      100%       2d21      0%          4
 Sticky Flame             Conj/Fire      100%       2d11      0%          4
 Arcjolt                  Conj/Air       86%        1d96      0%          5
 Fireball                 Conj/Fire      86%        3d32      0%          5
 Iskenderun's Battlesphe  Conj           100%       2d15      0%          5
 Lee's Rapid Deconstruct  Erth           73%        3d33*     0%          5
 Lightning Bolt           Conj/Air       86%        1d114     0%          5
 Apportation              Tloc           100%       N/A       1%          1
 Freeze                   Ice            100%       1d10      1%          1
 Necrotise                Necr           100%       1d9       1%          1
 Slow                     Hex            100%       N/A       1%          1
 Sting                    Tmut/Pois      100%       1d8       1%          1
 Summon Small Mammal      Summ           100%       N/A       1%          1
 Blink                    Tloc           100%       N/A       1%          2
 Call Imp                 Summ           61%        N/A       1%          2
 Ensorcelled Hibernation  Hex/Ice        100%       N/A       1%          2
 Lesser Beckoning         Tloc           100%       N/A       1%          2
 Sublimation of Blood     Necr           61%        N/A       1%          2
 Wereblood                Tmut           61%        N/A       1%          2
 Call Canine Familiar     Summ           61%        N/A       1%          3
 Confusing Touch          Hex            83%        N/A       1%          3
 Frozen Ramparts          Ice            100%       1d16      1%          3
 Gell's Gravitas          Tloc           83%        N/A       1%          3
 Hailstorm                Conj/Ice       100%       3d20      1%          3
 Ignite Poison            Fire/Tmut/Pois 100%       N/A       1%          3
 Ozocubu's Armour         Ice            61%        N/A       1%          3
 Portal Projectile        Hex/Tloc       100%       N/A       1%          3
 Spider Form              Tmut/Pois      89%        N/A       1%          3
 Tukima's Dance           Hex            83%        N/A       1%          3
 Vampiric Draining        Necr           61%        2d10      1%          3
 Anguish                  Hex/Necr       36%        N/A       1%          4
 Animate Armour           Summ/Erth      100%       N/A       1%          4
 Cause Fear               Hex            41%        N/A       1%          4
 Fulminant Prism          Conj/Hex       73%        3d29      1%          4
 Iskenderun's Mystic Bla  Conj/Tloc      100%       2d19      1%          4
 Leda's Liquefaction      Hex/Erth       61%        N/A       1%          4
 Manifold Assault         Tloc           83%        N/A       1%          4
 Olgreb's Toxic Radiance  Pois           100%       N/A       1%          4
 Passage of Golubria      Tloc           83%        N/A       1%          4
 Summon Lightning Spire   Summ/Air       100%       N/A       1%          4
 Alistair's Intoxication  Tmut/Pois      59%        N/A       1%          5
 Borgnjor's Vile Clutch   Necr/Erth      58%        N/A       1%          5
 Freezing Cloud           Conj/Ice/Air   76%        6-21      1%          5
 Irradiate                Conj/Tmut      70%        3d35      1%          5
 Silence                  Hex/Air        61%        N/A       1%          5
 Yara's Violent Unravell  Hex/Tmut       36%        3d15      1%          5
 Conjure Ball Lightning   Conj/Air       86%        3x3d32    1%          6
 Starburst                Conj/Fire      86%        6d22      1%          6
 Statue Form              Tmut/Erth      77%        N/A       1%          6
 Spellforged Servitor     Conj/Summ      70%        N/A       1%          7
 Lehudib's Crystal Spear  Conj/Erth      86%        10d19     1%          8
 Animate Dead             Necr           61%        N/A       2%          4
 Dispel Undead            Necr           61%        3d21      2%          4
 Ice Form                 Ice/Tmut       61%        N/A       2%          4
 Summon Ice Beast         Ice/Summ       61%        N/A       2%          4
 Eringya's Noxious Bog    Tmut/Pois      44%        N/A       2%          6
 Metabolic Englaciation   Hex/Ice        36%        N/A       3%          5
 Summon Forest            Summ/Tloc      36%        N/A       3%          5
 Summon Mana Viper        Hex/Summ       73%        N/A       3%          5
 Shatter                  Erth           73%        3d54*     3%          9
 Storm Form               Tmut/Air       58%        N/A       4%          7
 Agony                    Necr           61%        N/A       6%          5
 Blade Hands              Tmut           30%        N/A       6%          5
 Death Channel            Necr           30%        N/A       32%         6
 Simulacrum               Ice/Necr       30%        N/A       32%         6
 Summon Cactus Giant      Summ           30%        N/A       32%         6
 Ozocubu's Refrigeration  Ice            30%        4d14      41%         7
 Enfeeble                 Hex            41%        N/A       45%         7
 Malign Gateway           Summ/Tloc      36%        N/A       67%         7
 Dragon Form              Tmut           30%        N/A       86%         7
 Haunt                    Necr/Summ      30%        N/A       86%         7
 Monstrous Menagerie      Summ           30%        N/A       86%         7
 Summon Hydra             Summ           30%        N/A       86%         7
 Discord                  Hex            41%        N/A       98%         8
 Disjunction              Tloc           41%        N/A       98%         8
 Borgnjor's Revivificati  Necr           30%        N/A       100%        8
 Infestation              Necr           30%        N/A       100%        8
 Summon Horrible Things   Summ           30%        N/A       100%        8
 Dragon's Call            Summ           30%        N/A       100%        9


Dungeon Overview and Level Annotations

Branches:
Dungeon (15/15)            Temple (1/1) D:7            Lair (5/5) D:10
 Shoals (4/4) Lair:3        Snake (4/4) Lair:3        Slime (5/5) Lair:5
    Orc (2/2) D:9             Elf (3/3) Orc:2        Vaults (5/5) D:13
  Crypt (3/3) Vaults:2       Tomb (0/3) Crypt:3      Depths (4/4) D:15
    Zot (5/5) Depths:4      Sewer (visited)          WizLab (visited)

Altars:
Cheibriados
Dithmenos
Elyvilon
Kikubaaqudgha
Makhleb
Nemelex Xobeh
Okawaru
Qazlal
Ru
Sif Muna
Trog
Vehumet
Wu Jian
Yredelemnul
Zin
The Shining One
Jiyva
Lugonu

Shops:
D:3 [   D:6 :   D:11 *   Orc:1 !=((:   Orc:2 *([=[   Elf:1 !   Shoals:1 *
Shoals:4 !   Snake:1 =   Snake:2 *   Vaults:2 !   Vaults:3 ?[[   Vaults:5 =

Portals:
Hell: Depths:1 Depths:2 Depths:3 Depths:4
Abyss: Depths:3
Pandemonium: Depths:2 Depths:3
Ziggurat: Depths:4

Annotations:
D:4 1 runed translucent door, Crazy Yiuf
D:14 2 transporters
Lair:3 2 transporters, cforsyth's ghost, journeyman KoBr
Lair:5 exclusion: obsidian statue
Elf:1 1 runed translucent door


Innate Abilities, Weirdness & Mutations

Your serpentine skin is tough. (AC +9)
You have supernaturally acute eyesight. (SInv)
Armour fits poorly on your strangely shaped body.
Your system is resistant to poisons. (rPois)
You cover ground very slowly.
You can spit poison.
You can use your snake-like lower body to constrict enemies.
You are partially covered in large bone plates. (SH +4)
You are agile. (Dex +4, Str/Int -1)
You sometimes lose your temper in combat.


Message History

There is a stone staircase leading down here.
There is a stone staircase leading up here.
You climb upwards.
A chaos spawn comes into view.
There is a stone staircase leading down here.
Casting: Fire Storm (dangerous; 3% risk of failure)
Confirm with . or Enter, or press ? or * to list all spells.
Aiming: Fire Storm (dangerous; 3% risk of failure)
Press: ? - help, Dir - move target, f - chaos spawn
Aim: a chaos spawn (wandering, hasn't noticed you)
You feel a strong surge of power!
A raging storm of fire appears!
The great blast of fire engulfs the chaos spawn!!!!
You kill the chaos spawn!
Vehumet accepts your kill.
You feel your power returning.
The chaos spawn degenerates into a cloud of primal chaos!
Your fire vortex moves out of view.
(D) Dungeon (T) Temple (L) Lair (A) Shoals (P) Snake Pit (M) Slime Pits (O) Orcish Mines (E) Elven Halls (V) Vaults (C) Crypt (W) Tomb (U) Depths (H) Hell (Z) Zot
Where to? (Enter - D:1, ? - help) You're already here!
There is a stone staircase leading down here.
Magic restored.
A cacodemon and a sixfirhy come into view.
Casting: Fire Storm (dangerous; 3% risk of failure)
Confirm with . or Enter, or press ? or * to list all spells.
You feel a strong surge of power! Lightning arcs from your hands!
The bolt of lightning hits the cacodemon!!!!!
The cacodemon resists.
You kill the cacodemon!
Vehumet accepts your kill.
You feel your power returning. The bolt of lightning hits you.
The bolt of lightning hits the sixfirhy!!!!
The sixfirhy resists.
You kill the sixfirhy!
Vehumet accepts your kill.
You feel your power returning.
Something screeches, "Tremble, thou grime-gilt fool-headed mammet!"
HP restored.
There is a staircase leading out of the dungeon here.
You have escaped!

.)..## #.#..#....##..# #.## #.
.....# #.##.>##..###.# #.# #.
.....#####..##.##....#.## #.# #.
..[.....###..#.##..#....###.# #.
#######.####....########.##.# #.
#.....##...####......#.# #.
##.....##.###...........####.
###..)...##.#...#............#.
###..........##.@.#........###.#.
#....#.....#..#...#.≈≈.....###.#.
...################§≈≈.........#.
.### #...§§........... ##
########......##.
####.#..##[.........
##########..........####.....
##.................### ##....
####..########.......## #..##


There were no monsters in sight!

Vanquished Creatures
  the Royal Jelly (Slime:5)
  9 dread liches
  3 ancient liches
  Khufu (Crypt:1)
  14 orbs of fire
  Mara (Shoals:3)
  A royal mummy (Crypt:1)
  Bai Suzhen (Vaults:3)
  Frederick (Vaults:3)
  5 Killer Klowns (Zot:5)
  4 curse toes
  5 caustic shrikes (Depths:4)
  5 golden dragons
  Nikola (Snake:4)
  A Tzitzimitl (Zot:5)
  4 electric golems
  Jorgrun (Shoals:3)
  A hellephant (Elf:2)
  A walking crystal tome (Depths:3)
  2 Brimstone Fiends (Zot:4)
  4 titans (Vaults:5)
  An Ice Fiend (Zot:5)
  13 tentacled monstrosities
  29 Orb Guardians
  7 deep elf blademasters
  Rupert (Orc:2)
  2 liches
  2 deep elf master archers (Elf:3)
  8 quicksilver dragons
  23 acid blobs
  4 krakens (Shoals:3)
  8 ancient champions
  9 death cobs
  Gastronok (Lair:2)
  An Executioner (Depths:2)
  6 sphinxes
  Polyphemus (Shoals:3)
  8 shadow dragons
  An eldritch tentacle (Zot:5)
  Agnes (Snake:2)
  10 tengu reavers
  16 storm dragons
  A revenant (Crypt:2)
  11 azure jellies
  6 fire giants
  Ilsuiw (Shoals:3)
  3 nagarajas (Snake:4)
  6 rockslimes
  A rockslime (shapeshifter) (Elf:2)
  7 draconian monks
  6 draconian knights
  7 frost giants
  6 draconian scorchers
  3 curse skulls
  5 deep elf sorcerers
  5 draconian shifters
  2 deep elf elementalists (Elf:3)
  3 ghost moths
  2 ghouls (Crypt:2)
  19 vault wardens
  5 draconian annihilators
  A balrug (Zot:1)
  A cacodemon (D:1)
  15 quicksilver oozes
  4 war gargoyles
  22 ironbound preservers
  24 very ugly things
  7 ironbound thunderhulks
  2 reapers
  4 orc warlords
  6 draconian stormcallers
  17 stone giants
  2 vampire knights
  10 deep elf demonologists
  17 dire elephants
  8 green draconians
  5 black draconians
  A lorocyproca (Depths:2)
  10 purple draconians
  4 deep elf annihilators
  6 white draconians
  10 red draconians
  10 yellow draconians
  23 ettins
  5 merfolk javelineers
  A blizzard demon (Depths:4)
  10 great orbs of eyes
  4 eidola
  6 deep elf death magi
  15 merfolk impalers
  A green death (D:12)
  15 crystal guardians
  14 jiangshi
  A fire dragon (shapeshifter) (Elf:2)
  10 fire dragons
  2 spectral krakens (Shoals:4)
  A mummy priest (Crypt:3)
  3 entropy weavers
  4 deep elf high priests
  10 ice dragons
  2 rakshasas
  20 yaktaur captains
  6 hydras
  3 salamander tyrants
  8 peacekeepers
  Fannar (Lair:2)
  39 vault guards
  An ogre mage (Vaults:2)
  An ice dragon (shapeshifter) (Elf:2)
  A spriggan zombie (Crypt:3)
  A hell beast (Depths:3)
  3 merfolk avatars
  2 ghost crabs (Shoals:4)
  5 boulder beetles
  A catoblepas (Shoals:3)
  An Orb Guardian zombie (Crypt:2)
  5 merfolk aquamancers
  3 spriggan air magi
  11 centaur warriors
  2 alligator snapping turtles (Shoals:4)
  An anaconda (shapeshifter) (Vaults:5)
  Erica (D:10)
  11 ironbound frosthearts
  24 dancing weapons
  2 satyrs
  A titan zombie (Crypt:3)
  4 anacondas
  4 hell hogs (Depths:1)
  9 deep troll shamans
  5 tengu warriors
  6 two-headed ogres
  13 naga warriors
  Urug (Lair:2)
  11 death yaks
  12 naga sharpshooters
  4 spriggan berserkers
  A shock serpent (Snake:2)
  9 vampire magi
  2 orc high priests (Orc:2)
  12 deep troll earth magi
  10 hell knights
  A shock serpent (shapeshifter) (Vaults:5)
  A skyshark (shapeshifter) (Elf:2)
  Sonja (D:13)
  21 deep elf knights
  2 sun demons (Zot:1)
  Nergalle (Orc:2)
  8 soul eaters
  7 skysharks
  2 spriggans (Depths:2)
  5 salamander mystics
  8 iron trolls
  2 spectral death yaks (Lair:5)
  A sixfirhy (D:1)
  A spectral anaconda (Lair:5)
  A shadow wraith (Crypt:2)
  9 sea snakes
  A death drake (shapeshifter) (Vaults:5)
  A bunyip zombie (Crypt:2)
  A swamp dragon (shapeshifter) (Elf:2)
  11 naga ritualists
  3 large abominations (Depths:2)
  3 swamp dragons (Zot:1)
  A quicksilver dragon simulacrum (Crypt:1)
  32 skeletal warriors
  6 flayed ghosts
  A goliath frog (shapeshifter) (Elf:2)
  4 glowing orange brains
  2 orange crystal statues
  13 deep elf archers
  90 deep trolls
  12 phantasmal warriors
  2 golden dragon skeletons (Depths:1)
  An obsidian statue (Zot:5)
  26 ironbound convokers
  10 wizards
  2 bog bodies (Crypt:2)
  9 lindwurms
  A wolf spider zombie (D:15)
  15 harpies
  12 orc knights
  31 deep elf zephyrmancers
  34 deep elf pyromancers
  12 necromancers
  A tengu zombie (Depths:1)
  Pikel (D:7)
  4 shining eyes
  11 mana vipers
  53 ugly things
  6 orc sorcerers
  A fire giant zombie (Depths:1)
  34 moths of wrath
  An oklob plant (Shoals:2)
  16 manticores
  5 cyclopes
  13 salamanders
  9 fauns
  39 black mambas
  2 spectral merfolk (Shoals:4)
  A spectral alligator snapping turtle (Shoals:4)
  19 vault sentinels
  10 merfolk sirens
  33 elephants
  2 torpor snails
  3 smoke demons
  6 water nymphs
  4 eyes of devastation
  An orange demon (Depths:2)
  An iron dragon skeleton (Crypt:3)
  A naga zombie (Crypt:2)
  A rust devil (Depths:3)
  A dire elephant skeleton (Crypt:2)
  Maggie (D:7)
  A water nymph (shapeshifter) (Elf:2)
  A cane toad (shapeshifter) (Elf:2)
  5 guardian serpents
  12 cane toads
  A kobold demonologist (D:12)
  15 naga magi
  An alligator snapping turtle zombie (Crypt:3)
  A hellion (Depths:1)
  A pale draconian zombie (Crypt:1)
  2 rime drakes
  10 komodo dragons
  An efreet (D:14)
  31 yaktaurs
  A spectral water nymph (Shoals:4)
  6 guardian mummies (Crypt:3)
  A red draconian skeleton (Crypt:3)
  5 tengu conjurers
  A freezing wraith (D:15)
  A spectral harpy (Shoals:4)
  3 ice devils
  9 trolls
  A hellwing (Depths:2)
  4 polar bears
  A tarantella (Vaults:2)
  5 hornets
  A moth of wrath zombie (Crypt:2)
  A harpy skeleton (Crypt:3)
  45 merfolk
  A polar bear (shapeshifter) (Elf:2)
  A tarantella (shapeshifter) (D:15)
  23 blink frogs
  A spectral elephant (Lair:5)
  8 wind drakes
  A spectral manticore (Shoals:4)
  16 dream sheep
  4 centaur simulacra
  13 snapping turtles
  A slime creature (shapeshifter) (Depths:3)
  2 flying skulls (Crypt:3)
  4 air elementals
  3 shadows
  118 slime creatures
  5 vampires
  20 water elementals
  6 wraiths
  A fire dragon skeleton (Crypt:1)
  31 yaks
  A black mamba skeleton (Crypt:1)
  A hog (shapeshifter) (Elf:1)
  5 redbacks
  2 steam dragons
  6 wyverns
  5 fire elementals
  3 golden eyes (Slime:2)
  7 basilisks
  A redback (shapeshifter) (D:12)
  2 chaos spawn
  A death yak simulacrum (Lair:5)
  A spectral cane toad (Lair:5)
  6 wargs
  4 two-headed ogre zombies (WizLab)
  4 acid dragons
  A cane toad zombie (Crypt:3)
  5 vampire mosquitoes
  Duvessa (D:6)
  2 harpy simulacra (Crypt:1)
  42 nagas
  A naga (shapeshifter) (Elf:2)
  2 spectral snapping turtles (Shoals:4)
  17 water moccasins
  A floating eye (shapeshifter) (Elf:2)
  A floating eye (Depths:2)
  A naga skeleton (Crypt:3)
  38 orc warriors
  A swamp drake (shapeshifter) (Vaults:5)
  A demonspawn skeleton (Crypt:2)
  2 elephant zombies (Lair:5)
  4 ice beasts
  2 sky beasts (D:7)
  A meliai simulacrum (D:12)
  A blink frog zombie (Crypt:2)
  A black bear (D:5)
  A manticore zombie (Crypt:1)
  8 ogres
  25 wolves
  2 boggarts (Elf:1)
  8 centaurs
  2 snapping turtle skeletons
  A hog zombie (Crypt:3)
  2 phantoms
  9 bullfrogs
  4 kobold brigands
  An elf zombie (Crypt:2)
  A gnoll sergeant (D:6)
  5 scorpions
  4 necrophages (Crypt:2)
  4 earth elementals
  A cyclops zombie (Crypt:2)
  17 wights
  A yak zombie (Crypt:3)
  Dowan (D:6)
  7 troll zombies (WizLab)
  4 killer bees (D:7)
  6 electric eels
  5 howler monkeys
  2 quasits (D:8)
  A basilisk zombie (Crypt:2)
  3 hounds
  17 orc priests
  Terence (D:2)
  A human skeleton (Crypt:2)
  An iguana (D:5)
  21 orc wizards
  2 boggart skeletons
  3 polar bear simulacra (Lair:5)
  A wolf simulacrum (Lair:5)
  4 ogre zombies (WizLab)
  2 ogre skeletons
  A mummy (Crypt:1)
  12 gnolls
  6 adders
  2 river rats (Sewer)
  3 shadow imps
  8 white imps
  7 ufetubi
  5 dart slugs
  72 orcs
  7 ball pythons
  5 endoplasms
  4 giant cockroaches
  8 goblins
  7 hobgoblins
  7 jackals
  2 quokkas
  A river rat zombie (Crypt:2)
  8 bats
  2 frilled lizards (D:1)
  15 kobolds
  A kobold skeleton (Crypt:3)
  A quokka zombie (Crypt:1)
  7 rats
  2 bushes (Depths:1)
  16 tentacles
2561 creatures vanquished.

Vanquished Creatures (collateral kills)
  A Killer Klown (Zot:5)
  A tentacled monstrosity (Zot:1)
  An Orb Guardian (Zot:5)
  2 titans
  An ancient champion (Crypt:1)
  A revenant (Crypt:3)
  A storm dragon (Zot:1)
  A draconian monk (Zot:3)
  A frost giant (Depths:2)
  A draconian scorcher (Zot:1)
  An ironbound preserver (Vaults:4)
  A very ugly thing (Depths:4)
  A stone giant (Depths:2)
  A white draconian (Zot:4)
  An iron troll (Depths:3)
  A titan skeleton (Crypt:3)
  An ironbound convoker (Vaults:5)
  A deep elf pyromancer (D:12)
  A dire elephant zombie (Crypt:2)
  A great orb of eyes zombie (Crypt:1)
  3 slime creatures
  A golden eye (Slime:2)
  An orc warrior (Vaults:5)
  An elephant zombie (Crypt:2)
  A mummy (Crypt:1)
28 creatures vanquished.

Vanquished Creatures (others)
  A green draconian (Zot:1)
  A red draconian (Depths:4)
  A tengu conjurer (D:13)
  An orc (D:7)
  3 demonic plants (D:8)
  487 fire vortices
  13 fulminant prisms
  35 fungi
  141 plants
  12 tentacles
  54 withered plants
749 creatures vanquished.

Grand Total: 3338 creatures vanquished

Notes
Turn   | Place    | Note
-------+----------+-------------------------------------------
     0 | D:1      | Nacht the Naga Conjurer began the quest for the Orb.
     0 | D:1      | Reached XP level 1. HP: 15/15 MP: 3/3
   161 | D:1      | Reached XP level 2. HP: 22/22 MP: 0/5
   170 | D:1      | Learned a level 2 spell: Searing Ray
   771 | D:1      | Reached XP level 3. HP: 24/28 MP: 2/6
  1481 | D:2      | Identified the +1 barding "Yrufir" {+Inv rC+++ Str-3 Dex-3}
  1524 | D:2      | Found a white marble altar of Elyvilon.
  1668 | D:2      | Noticed Terence
  1671 | D:2      | Reached XP level 4. HP: 36/36 MP: 4/8
  1682 | D:2      | Killed Terence
  2097 | D:3      | Found Pyid's Armour Shoppe.
  2220 | D:3      | Reached skill level 5 in Conjurations
  2223 | D:3      | Reached XP level 5. HP: 36/42 MP: 0/9
  2365 | D:3      | Learned a level 4 spell: Fulminant Prism
  2376 | D:3      | Found a burning altar of Makhleb.
  2382 | D:3      | Found a shadowy altar of Dithmenos.
  2606 | D:3      | Found a sacrificial altar of Ru.
  3042 | D:3      | Reached skill level 1 in Hexes
  3063 | D:3      | Reached XP level 6. HP: 12/49 MP: 0/11
  3273 | D:3      | Learned a level 4 spell: Iskenderun's Mystic Blast
  3908 | D:4      | Reached skill level 5 in Stealth
  3908 | D:4      | Reached skill level 1 in Translocations
  4138 | D:4      | Found a runed translucent door.
  4139 | D:4      | Noticed Crazy Yiuf
  4799 | D:5      | Entered Level 5 of the Dungeon
  4854 | D:5      | Found a glowing drain.
  4921 | D:5      | Reached XP level 7. HP: 55/55 MP: 4/13
  5116 | Sewer    | Entered a sewer
  5503 | Sewer    | Found a white marble altar of Elyvilon.
  5752 | D:5      | Found a bloodstained altar of Trog.
  5754 | D:5      | Found a glowing golden altar of the Shining One.
  6406 | D:6      | Reached XP level 8. HP: 62/62 MP: 9/15
  6464 | D:6      | Noticed Duvessa
  6466 | D:6      | Noticed Dowan
  6478 | D:6      | Killed Duvessa
  6478 | D:6      | Killed Dowan
  6479 | D:6      | Reached skill level 5 in Spellcasting
  6776 | D:6      | You are sucked into a shaft and drop 3 floors!
  6943 | D:9      | Noticed a troll
  6954 | D:9      | Killed a troll
  7240 | D:9      | Noticed a wyvern
  7317 | D:7      | Reached XP level 9. HP: 13/68 MP: 5/18
  8173 | D:6      | Found Tigaf's Vocational Training.
  8619 | D:7      | Noticed Pikel
  8625 | D:7      | Killed Pikel
  8748 | D:7      | Reached XP level 10. HP: 75/75 MP: 13/21
  8790 | D:7      | Found a staircase to the Ecumenical Temple.
  8831 | D:7      | Noticed Maggie
  8834 | Temple   | Entered the Ecumenical Temple
  8886 | Temple   | Became a worshipper of Vehumet
  8927 | D:7      | Killed Maggie
  9402 | D:7      | Learned a level 4 spell: Olgreb's Toxic Radiance
  9406 | D:7      | Learned a level 3 spell: Ignite Poison
  9588 | D:7      | Reached skill level 1 in Poison Magic
  9728 | D:8      | Reached skill level 10 in Stealth
  9728 | D:8      | Reached skill level 1 in Fire Magic
 10140 | D:8      | Reached * piety under Vehumet
 10140 | D:8      | Offered knowledge of Foxfire by Vehumet.
 10346 | D:8      | Reached skill level 5 in Poison Magic
 10943 | D:9      | Found a staircase to the Orcish Mines.
 11032 | D:8      | Reached skill level 5 in Fire Magic
 11067 | D:9      | Reached ** piety under Vehumet
 11183 | Orc:1    | Entered Level 1 of the Orcish Mines
 11195 | Orc:1    | Offered knowledge of Kiss of Death by Vehumet.
 11232 | Orc:1    | Found Pafyme's Distillery.
 11240 | Orc:1    | Reached XP level 11. HP: 73/75 MP: 17/23
 11482 | Orc:1    | Noticed an orc warlord
 11489 | Orc:1    | Killed an orc warlord
 11495 | Orc:1    | Offered knowledge of Kindle Blastsparks by Vehumet.
 11549 | Orc:1    | Found Nehudag's Jewellery Boutique.
 11577 | Orc:1    | Bought the ring "Zuxteg" {Wiz rElec rC- SInv Stlth+} for
                  | 616 gold pieces
 11581 | Orc:1    | Found Qotulaw's Antique Weapon Shoppe.
 11600 | Orc:1    | Found Rose's Antique Weapon Emporium.
 11690 | Orc:1    | Found Furiwn's Book Shoppe.
 11710 | Orc:1    | Reached *** piety under Vehumet
 11850 | Orc:2    | Entered Level 2 of the Orcish Mines
 11899 | Orc:2    | Noticed an orc high priest
 11899 | Orc:2    | Noticed an orc sorcerer
 11904 | Orc:2    | Killed an orc sorcerer
 11906 | Orc:2    | Killed an orc high priest
 12058 | Orc:2    | Noticed an orc sorcerer
 12061 | Orc:2    | Killed an orc sorcerer
 12156 | Orc:2    | Noticed an orc knight
 12167 | Orc:2    | Killed an orc knight
 12167 | Orc:2    | Offered knowledge of Mephitic Cloud by Vehumet.
 12168 | Orc:2    | Reached skill level 10 in Fire Magic
 12212 | Orc:2    | Found Nukuseal's Armour Shoppe.
 12342 | Orc:2    | Noticed Rupert
 12349 | Orc:2    | Killed Rupert
 12350 | Orc:2    | Reached XP level 12. HP: 88/88 MP: 9/24
 12388 | Orc:2    | Found a staircase to the Elven Halls.
 12421 | Orc:2    | Reached skill level 10 in Conjurations
 12458 | Orc:2    | Reached **** piety under Vehumet
 12466 | Orc:2    | Offered knowledge of Fireball by Vehumet.
 12476 | Orc:2    | Learned a level 5 spell: Fireball
 12477 | Orc:2    | Noticed an orc warlord
 12507 | Orc:2    | Noticed an orc high priest
 12510 | Orc:2    | Killed an orc high priest
 12542 | Orc:2    | Noticed Nergalle
 12549 | Orc:2    | Killed Nergalle
 12558 | Orc:2    | Killed an orc warlord
 12736 | Orc:2    | Found Viomo's Jewellery Shop.
 12741 | Orc:2    | Found Tituggan's Antique Armour Shop.
 12766 | Orc:2    | Found Linuyps's Antique Weapon Shop.
 12839 | Orc:2    | Found Bina's General Store.
 13113 | Orc:2    | Bought a pair of glowing gloves for 210 gold pieces
 13119 | Orc:2    | Identified a scroll of acquirement
 13119 | Orc:2    | Acquired the +1 pair of gloves of the Powerful Wumpus
                  | {Regen+ Dex+5}
 13201 | D:10     | Entered Level 10 of the Dungeon
 13866 | D:10     | Reached ***** piety under Vehumet
 13890 | D:10     | Offered knowledge of Eringya's Noxious Bog by Vehumet.
 14091 | D:10     | Noticed a two-headed ogre
 14094 | D:10     | Killed a two-headed ogre
 14130 | D:10     | Noticed Erica
 14133 | D:10     | Killed Erica
 14288 | D:10     | Found a staircase to the Lair.
 14524 | D:11     | Found a transporter.
 14537 | D:11     | Found a transporter.
 14539 | D:11     | Found a transporter.
 14546 | D:11     | Found a transporter.
 14627 | D:11     | Gained mutation: You can use your snake-like lower body to
                  | constrict enemies. [Naga growth]
 14627 | D:11     | Reached XP level 13. HP: 94/94 MP: 19/26
 14690 | D:11     | Found Xublag's General Store.
 14817 | D:11     | Reached skill level 10 in Spellcasting
 15402 | D:12     | Found an iron altar of Okawaru.
 15415 | D:12     | Noticed a fire dragon
 15548 | Lair:1   | Entered Level 1 of the Lair of Beasts
 15548 | Lair:1   | You are sucked into a shaft and drop 1 floor!
 15548 | Lair:2   | Noticed Fannar
 15552 | Lair:2   | Killed Fannar
 15583 | Lair:2   | Noticed Gastronok
 15595 | Lair:2   | Killed Gastronok
 15773 | Lair:1   | Acquired the ring of the Loving Messenger {rCorr Str+6
                  | Dex+9 Slay-4}
 16516 | Lair:1   | Identified the +0 whip of Awkwardness {spect, Stlth+}
 16898 | Lair:2   | Identified the +3 flail of Gaajui {antimagic, Int+3}
 16969 | Lair:2   | Noticed Urug
 16974 | Lair:2   | Killed Urug
 16975 | Lair:2   | Reached skill level 1 in Fighting
 17862 | Lair:3   | Reached skill level 5 in Fighting
 17930 | Lair:3   | Found a transporter.
 17930 | Lair:3   | Noticed cforsyth's ghost (journeyman KoBr)
 17945 | Lair:3   | Found a transporter.
 18013 | Lair:3   | Reached XP level 14. HP: 117/117 MP: 30/30
 18067 | Lair:3   | Found a staircase to the Snake Pit.
 18080 | Lair:3   | Offered knowledge of Arcjolt by Vehumet.
 18089 | Lair:3   | Learned a level 5 spell: Arcjolt
 18120 | Lair:3   | Found a staircase to the Shoals.
 18125 | Lair:3   | Reached skill level 1 in Air Magic
 18770 | Lair:3   | Found a staircase to the Snake Pit.
 18804 | Lair:3   | Found a transporter.
 18814 | Lair:3   | Found a transporter.
 19087 | Lair:3   | Found a staircase to the Shoals.
 19403 | Lair:4   | Reached skill level 5 in Air Magic
 20660 | Lair:5   | Entered Level 5 of the Lair of Beasts
 20769 | Lair:5   | Offered knowledge of Starburst by Vehumet.
 20834 | Lair:5   | Reached XP level 15. HP: 138/138 MP: 31/31
 20875 | Lair:5   | Reached skill level 10 in Fighting
 21386 | Lair:5   | Found a viscous altar of Jiyva.
 21386 | Lair:5   | Found a staircase to the Slime Pits.
 21911 | Lair:5   | Reached skill level 10 in Air Magic
 22760 | D:12     | Offered knowledge of Conjure Ball Lightning by Vehumet.
 23362 | D:13     | Found a gate to the Vaults.
 23421 | D:13     | Noticed Sonja
 23422 | D:13     | Killed Sonja
 23423 | D:13     | Reached XP level 16. HP: 152/152 MP: 32/32
 23714 | D:13     | Found a corrupted altar of Lugonu.
 24248 | D:14     | Found a transporter.
 24250 | D:14     | Found a transporter.
 24496 | D:14     | Identified the +1 robe of Starshine {rElec rF+ Int+3
                  | Stlth+}
 24717 | D:14     | Learned a level 5 spell: Freezing Cloud
 24801 | D:15     | Entered Level 15 of the Dungeon
 25143 | D:15     | Found a stormy altar of Qazlal.
 25281 | D:15     | Found a staircase to the Depths.
 25861 | D:15     | Learned a level 8 spell: Ignition
 25871 | D:15     | Learned a level 9 spell: Fire Storm
 25988 | D:11     | Bought a scroll of magic mapping for 105 gold pieces
 25988 | D:11     | Bought a scroll of amnesia for 56 gold pieces
 25988 | D:11     | Bought a scroll of amnesia for 56 gold pieces
 26177 | Snake:1  | Entered Level 1 of the Snake Pit
 26178 | Snake:1  | Found Herod's Jewellery Shop.
 27613 | D:3      | Bought a +2 cloak of willpower for 236 gold pieces
 28301 | Snake:2  | Noticed Agnes
 28305 | Snake:2  | Killed Agnes
 28306 | Snake:2  | Reached XP level 17. HP: 159/159 MP: 24/33
 28404 | Snake:2  | Found Falag's Gadget Gallery.
 28639 | Snake:3  | Offered knowledge of Iron Shot by Vehumet.
 28640 | Snake:3  | Reached skill level 1 in Shields
 28658 | Snake:2  | Learned a level 6 spell: Iron Shot
 28769 | Snake:3  | Reached skill level 1 in Earth Magic
 29005 | Snake:3  | Reached skill level 5 in Shields
 30101 | Snake:4  | Entered Level 4 of the Snake Pit
 30135 | Snake:4  | Noticed Nikola
 30142 | Snake:4  | Killed Nikola
 30920 | Snake:4  | Reached skill level 5 in Earth Magic
 30923 | Snake:4  | Reached skill level 10 in Shields
 31025 | Snake:4  | Offered knowledge of Orb of Destruction by Vehumet.
 31134 | Snake:4  | Reached ****** piety under Vehumet
 31303 | Snake:4  | Got a serpentine rune of Zot
 31973 | Shoals:1 | Entered Level 1 of the Shoals
 32094 | Shoals:1 | Reached XP level 18. HP: 168/168 MP: 30/34
 32172 | Shoals:1 | Found Igun's Mayhem Merchandise.
 33078 | Shoals:2 | Found a glowing silver altar of Zin.
 33455 | Shoals:3 | Offered knowledge of Lehudib's Crystal Spear by Vehumet.
 33524 | Shoals:3 | Noticed Polyphemus
 33534 | Shoals:3 | Killed Polyphemus
 33586 | Shoals:3 | Reached skill level 10 in Earth Magic
 33690 | Shoals:3 | Noticed Jorgrun
 33696 | Shoals:3 | Killed Jorgrun
 34093 | Shoals:3 | Noticed Mara
 34100 | Shoals:3 | Noticed Nacht's illusion
 34105 | Shoals:3 | Killed Mara
 34332 | Shoals:3 | Noticed Ilsuiw
 34337 | Shoals:3 | Killed Ilsuiw
 34759 | Shoals:4 | Entered Level 4 of the Shoals
 34966 | Shoals:4 | Reached XP level 19. HP: 162/175 MP: 25/35
 35045 | Shoals:4 | Identified the amulet "Yqu Boed" {Faith MP+9 Dex+2}
 35357 | Shoals:4 | Offered knowledge of Lehudib's Crystal Spear by Vehumet.
 35357 | Shoals:4 | Offered knowledge of Polar Vortex by Vehumet.
 35357 | Shoals:4 | Offered knowledge of Maxwell's Capacitive Coupling by
                  | Vehumet.
 35730 | Shoals:4 | Found Nustragapn's Distillery.
 35740 | Shoals:4 | Bought a potion of brilliance for 76 gold pieces
 35740 | Shoals:4 | Bought a potion of haste for 190 gold pieces
 35740 | Shoals:4 | Bought a potion of brilliance for 76 gold pieces
 35740 | Shoals:4 | Bought a potion of magic for 152 gold pieces
 35889 | Shoals:4 | Got a barnacled rune of Zot
 36318 | Vaults:1 | Entered Level 1 of the Vaults
 36373 | Vaults:1 | Reached skill level 15 in Stealth
 37010 | Vaults:1 | Reached skill level 15 in Conjurations
 37096 | Vaults:1 | Reached skill level 15 in Fire Magic
 37324 | Vaults:1 | Learned a level 8 spell: Maxwell's Capacitive Coupling
 37409 | Vaults:1 | Reached XP level 20. HP: 183/183 MP: 7/37
 38791 | Vaults:2 | Found the +8 autumn katana {manifold assault}
 39096 | Vaults:2 | Found a staircase to the Crypt.
 39096 | Vaults:2 | Found a basalt altar of Yredelemnul.
 39097 | Vaults:2 | Found an ancient bone altar of Kikubaaqudgha.
 39425 | Vaults:2 | Found Siamad's Distillery.
 39433 | Vaults:2 | Bought a potion of brilliance for 52 gold pieces
 39433 | Vaults:2 | Bought a potion of heal wounds for 65 gold pieces
 39433 | Vaults:2 | Bought a potion of magic for 104 gold pieces
 39433 | Vaults:2 | Bought a potion of heal wounds for 65 gold pieces
 39712 | Vaults:3 | Found a magical portal.
 39725 | WizLab   | Entered Zonguldrok's Shrine
 40036 | WizLab   | Noticed an antique lich
 40040 | WizLab   | Killed an antique lich
 40041 | WizLab   | Found the +9 sword of Zonguldrok {reap}
 40266 | Vaults:3 | Found Liuber's Magic Scroll Emporium.
 40425 | Vaults:3 | Reached XP level 21. HP: 190/190 MP: 38/38
 40605 | Vaults:3 | Noticed Bai Suzhen
 40612 | Vaults:3 | Killed Bai Suzhen
 40997 | Vaults:3 | Found Buykkaeh's Armour Boutique.
 40998 | Vaults:3 | Found Rofoit's Armour Boutique.
 41075 | Vaults:3 | Found Ziegay's Armour Boutique.
 41680 | Vaults:3 | Noticed Frederick
 41684 | Vaults:3 | Killed Frederick
 41949 | Vaults:4 | Found a transporter.
 41991 | Vaults:4 | Found a transporter.
 42231 | Vaults:4 | Noticed a golden dragon
 42260 | Vaults:4 | Killed a golden dragon
 42346 | Vaults:4 | Identified the ring "Wosenon" {Wiz rN+ Dex+6}
 42366 | Vaults:4 | Identified the ring of Lucidity {rC+ SInv}
 42377 | Vaults:4 | Identified the ring of the Hero {Int+6 SInv}
 42404 | Vaults:4 | Identified the amulet "Ficuoli" {Spirit rElec Stlth+}
 42639 | Vaults:3 | Bought the +4 cloak of Wephax {rC+ Will+ Str+3} for 1008
                  | gold pieces
 42639 | Vaults:3 | Bought the +1 pair of gloves of the Floral God {Int+6} for
                  | 582 gold pieces
 42802 | Vaults:4 | Reached skill level 15 in Shields
 42803 | Vaults:4 | Reached XP level 22. HP: 198/198 MP: 40/40
 42844 | Vaults:4 | Reached skill level 15 in Spellcasting
 43649 | Elf:1    | Entered Level 1 of the Elven Halls
 43649 | Elf:1    | Found a runed translucent gate.
 43649 | Elf:1    | Found a runed translucent gate.
 43649 | Elf:1    | Found a runed translucent gate.
 43649 | Elf:1    | Found a runed translucent gate.
 43649 | Elf:1    | Found a runed translucent gate.
 43649 | Elf:1    | Found a runed translucent gate.
 43650 | Elf:1    | Found a runed translucent door.
 43654 | Elf:1    | Found a runed translucent door.
 44189 | Elf:1    | Found Gysmeulo's Distillery.
 44397 | Elf:1    | Found a portal to a secret trove of treasure.
 44983 | Elf:2    | Reached XP level 23. HP: 164/205 MP: 17/42
 45537 | Elf:2    | Found a huge runed gate.
 45537 | Elf:2    | Found a huge runed gate.
 45537 | Elf:2    | Found a huge runed gate.
 45537 | Elf:2    | Found a huge runed gate.
 45537 | Elf:2    | Found a huge runed gate.
 45539 | Elf:2    | Found a huge runed gate.
 45539 | Elf:2    | Found a huge runed gate.
 45540 | Elf:2    | Found a huge runed gate.
 45540 | Elf:2    | Found a huge runed gate.
 45540 | Elf:2    | Found a huge runed gate.
 45546 | Elf:2    | Found a huge runed gate.
 45546 | Elf:2    | Found a huge runed gate.
 45546 | Elf:2    | Found a huge runed gate.
 45546 | Elf:2    | Found a huge runed gate.
 45546 | Elf:2    | Found a huge runed gate.
 45546 | Elf:2    | Found a huge runed gate.
 45618 | Elf:2    | Found a huge runed gate.
 45618 | Elf:2    | Found a huge runed gate.
 45618 | Elf:2    | Found a huge runed gate.
 45618 | Elf:2    | Found a huge runed gate.
 45618 | Elf:2    | Found a huge runed gate.
 45620 | Elf:2    | Found a huge runed gate.
 45620 | Elf:2    | Found a huge runed gate.
 45621 | Elf:2    | Found a huge runed gate.
 45621 | Elf:2    | Found a huge runed gate.
 45621 | Elf:2    | Found a huge runed gate.
 45627 | Elf:2    | Found a huge runed gate.
 45627 | Elf:2    | Found a huge runed gate.
 45638 | Elf:2    | Found a huge runed gate.
 45638 | Elf:2    | Found a huge runed gate.
 45638 | Elf:2    | Found a huge runed gate.
 45638 | Elf:2    | Found a huge runed gate.
 45639 | Elf:2    | Found a huge runed gate.
 45640 | Elf:2    | Found a huge runed gate.
 45732 | Elf:2    | Acquired 665 gold pieces
 45734 | Elf:2    | Acquired a staff of conjuration
 45806 | Elf:1    | Bought a potion of brilliance for 44 gold pieces
 45806 | Elf:1    | Bought a potion of heal wounds for 55 gold pieces
 45806 | Elf:1    | Bought a potion of haste for 110 gold pieces
 45806 | Elf:1    | Bought 2 potions of resistance for 220 gold pieces
 45855 | Elf:1    | You paid a toll of 3 potions of resistance to enter a
                  | treasure trove
 45856 | Trove    | Entered a treasure trove
 45863 | Trove    | Identified the +0 dagger of Autumn {holy, rC+}
 45864 | Trove    | Identified the +2 sling "Ogryuv" {holy, Str+2 Int+2}
 45871 | Trove    | Identified the +8 dagger "Ogre's Foe" {freeze, rPois}
 45873 | Trove    | Identified the +8 sling of Animal Spirits {freeze, rC+}
 45888 | Trove    | Identified the +8 spear of Zaun {heavy, +Blink}
 45890 | Trove    | Identified the +2 spear of the Three Leylines {heavy,
                  | *Noise rPois rN++ SInv}
 46063 | Elf:2    | Found a huge runed gate.
 46063 | Elf:2    | Found a huge runed gate.
 46098 | Elf:2    | Found a huge runed translucent gate.
 46098 | Elf:2    | Found a huge runed translucent gate.
 46101 | Elf:2    | Found a huge runed translucent gate.
 46104 | Elf:2    | Found a huge runed translucent gate.
 46104 | Elf:2    | Found a huge runed translucent gate.
 46564 | Elf:2    | Reached XP level 24. HP: 211/213 MP: 43/43
 46754 | Elf:3    | Entered Level 3 of the Elven Halls
 46860 | Elf:3    | Identified the amulet of Kuwkiunt {Spirit rElec rPois Str+5
                  | Dex-3}
 47082 | Elf:3    | Identified the +5 steam dragon scales of Valiance {Regen+
                  | Str+2}
 47120 | Elf:3    | Identified the ring "Unehem" {rF++ rCorr Str+4 Int+6}
 47197 | Elf:3    | Identified the +9 quarterstaff of the Inviting Seeker
                  | {venom, Int+4 Dex+2} (You took it off a deep elf knight on
                  | level 3 of the Elven Halls)
 47292 | Elf:3    | Identified the +2 cloak "Bimet" {rElec}
 47296 | Elf:3    | Got the Encyclopedia of Electricity and Summoning
 47299 | Elf:3    | Got Icykkuj's Collected Works on the Fey Cure
 48000 | Elf:3    | Learned a level 9 spell: Chain Lightning
 48426 | Crypt:1  | Entered Level 1 of the Crypt
 48604 | Crypt:1  | Noticed a royal mummy
 48606 | Crypt:1  | Killed a royal mummy
 48781 | Crypt:1  | Identified the +1 whip of the Final Decision {antimagic,
                  | rPois rC++ Dex+6}
 48818 | Crypt:1  | Noticed Khufu
 48821 | Crypt:1  | Killed Khufu
 50176 | Crypt:3  | Entered Level 3 of the Crypt
 50642 | Crypt:3  | Noticed a curse toe
 50753 | Crypt:3  | Found a staircase to the Tomb.
 51009 | Crypt:3  | Reached XP level 25. HP: 220/220 MP: 45/45
 51326 | Crypt:3  | Noticed a dread lich
 51326 | Crypt:3  | Noticed a dread lich
 51328 | Crypt:3  | Killed a dread lich
 51328 | Crypt:3  | Killed a dread lich
 51519 | Crypt:3  | Noticed a dread lich
 51519 | Crypt:3  | Noticed a dread lich
 51522 | Crypt:3  | Killed a dread lich
 51522 | Crypt:3  | Killed a dread lich
 51531 | Crypt:3  | Identified the +7 plate armour of Ashenzari's Reproof {Harm
                  | rPois Will+ Int+3}
 51538 | Crypt:3  | Got Jiov Ytaleh's Encyclopedia of Evil
 51543 | Crypt:3  | Identified the +2 falchion of Ibemm {venom, Str+3 Dex+3}
 51700 | Vaults:5 | Entered Level 5 of the Vaults
 51712 | Vaults:5 | Noticed an ancient lich
 51714 | Vaults:5 | Killed an ancient lich
 51724 | Vaults:5 | Noticed a dread lich
 51727 | Vaults:5 | Killed a dread lich
 51734 | Vaults:5 | Noticed a dread lich
 51736 | Vaults:5 | Killed a dread lich
 51737 | Vaults:5 | Reached skill level 15 in Air Magic
 51737 | Vaults:5 | Reached skill level 15 in Earth Magic
 51760 | Vaults:5 | Reached XP level 26. HP: 159/229 MP: 45/45
 51898 | Vaults:5 | Identified the +9 rapier "Wyky" {heavy, rPois rC+ Will+
                  | Int+6}
 52260 | Vaults:5 | Found Boshre's Jewellery Shop.
 52901 | Vaults:5 | Got a silver rune of Zot
 53009 | Vaults:5 | Identified the +0 cloak of Spite {rElec rC+}
 53507 | Slime:1  | Entered Level 1 of the Pits of Slime
 54336 | Slime:2  | You fall into a shaft and drop 1 floor!
 55149 | Slime:5  | Entered Level 5 of the Pits of Slime
 55208 | Slime:5  | Noticed the Royal Jelly
 55212 | Slime:5  | Killed the Royal Jelly
 55413 | Slime:5  | Identified the ring "Pucadda" {Wiz rC+}
 55437 | Slime:5  | Got a slimy rune of Zot
 55480 | Slime:5  | Got the Dissertation on the Poisonous Retinue
 55504 | Slime:5  | Identified the +0 longbow of Tiheelit {flame, rCorr Str-3
                  | SInv}
 56124 | Depths:1 | Entered Level 1 of the Depths
 56402 | Depths:1 | Reached XP level 27. HP: 236/236 MP: 25/45
 56467 | Depths:1 | Found a gateway to Hell.
 57645 | Depths:2 | Found a one-way gate leading to the halls of Pandemonium.
 57775 | Depths:2 | Identified the +9 great mace of Esmuidi {flame, Int+2}
 57840 | Depths:2 | Identified the +2 spear "Cuirair" {spect, *Corrode *Slow
                  | rElec rC++}
 57843 | Depths:2 | Got the Encyclopedia of Transmogrification and the Sky
 57957 | Depths:2 | Found a sparkling altar of Nemelex Xobeh.
 58499 | Depths:3 | Found a one-way gate to the infinite horrors of the Abyss.
 58782 | Depths:3 | Found a glowing silver altar of Zin.
 59367 | Depths:3 | Found a shimmering blue altar of Sif Muna.
 59458 | Depths:3 | Acquired the Vellum of Wounds
 59537 | Depths:4 | Entered Level 4 of the Depths
 59564 | Depths:4 | Identified the +1 chain mail of Intercession {Dex+4}
 60049 | Depths:4 | Found a gate to the Realm of Zot.
 60094 | Depths:4 | Found a one-way gateway to a ziggurat.
 60902 | Orc:1    | Bought the Grimoire of the Rocks and Wanderlust for 608
                  | gold pieces
 60902 | Orc:1    | Bought a book of Decay for 480 gold pieces
 61095 | Shoals:1 | Bought a book of Fire for 480 gold pieces
 61443 | Zot:1    | Entered Level 1 of the Realm of Zot
 61449 | Zot:1    | Noticed an orb of fire
 61579 | Zot:1    | Gained mutation: You are clumsy. (Dex -2) [an orb of fire]
 61579 | Zot:1    | Gained mutation: You occasionally lose the ability to read
                  | scrolls when taking damage. [an orb of fire]
 61582 | Zot:1    | Killed an orb of fire
 61676 | Zot:1    | Lost mutation: You occasionally lose the ability to read
                  | scrolls when taking damage. [potion of mutation]
 61676 | Zot:1    | Lost mutation: You are clumsy. (Dex -2) [potion of
                  | mutation]
 61676 | Zot:1    | Gained mutation: You have a pair of small horns on your
                  | head. [potion of mutation]
 61676 | Zot:1    | Gained mutation: Your muscles are strong. (Str +4, Int/Dex
                  | -1) [potion of mutation]
 61676 | Zot:1    | Gained mutation: You sometimes lose your temper in combat.
                  | [potion of mutation]
 61677 | Zot:1    | Lost mutation: You have a pair of small horns on your head.
                  | [potion of mutation]
 61677 | Zot:1    | Lost mutation: Your muscles are strong. (Str +4, Int/Dex
                  | -1) [potion of mutation]
 61677 | Zot:1    | Gained mutation: You passively map a small area around you.
                  | [potion of mutation]
 61677 | Zot:1    | Gained mutation: You expend magic power (3 MP) to
                  | strengthen your wands. [potion of mutation]
 61677 | Zot:1    | Gained mutation: You can exhale a cloud of poison. [potion
                  | of mutation]
 61678 | Zot:1    | Lost mutation: You can exhale a cloud of poison. [potion of
                  | mutation]
 61678 | Zot:1    | Lost mutation: You sometimes lose your temper in combat.
                  | [potion of mutation]
 61678 | Zot:1    | Lost mutation: You expend magic power (3 MP) to strengthen
                  | your wands. [potion of mutation]
 61678 | Zot:1    | Gained mutation: You are agile. (Dex +4, Str/Int -1)
                  | [potion of mutation]
 61678 | Zot:1    | Gained mutation: You are very agile. (Dex +8, Str/Int -2)
                  | [potion of mutation]
 61678 | Zot:1    | Gained mutation: You are partially covered in large bone
                  | plates. (SH +4) [potion of mutation]
 61776 | Zot:1    | Identified the +9 shortbow of Purpose {flame, rCorr Str+3
                  | Dex-2 SInv}
 61831 | Zot:1    | Reached skill level 15 in Fighting
 61949 | Zot:1    | Identified the ring "Ywyzatyr" {AC+4 Slay+3}
 64144 | Zot:3    | Reached skill level 1 in Throwing
 64191 | Zot:3    | Noticed an orb of fire
 64197 | Zot:3    | Killed an orb of fire
 64198 | Zot:3    | Reached skill level 1 in Armour
 65027 | Zot:4    | Identified the +1 scale mail of Gestures {Int+3}
 65254 | Zot:4    | Reached skill level 5 in Throwing
 65545 | Zot:5    | Entered Level 5 of the Realm of Zot
 65589 | Zot:5    | Found a huge runed gate.
 65589 | Zot:5    | Found a huge runed gate.
 65589 | Zot:5    | Found a huge runed gate.
 65589 | Zot:5    | Found a huge runed gate.
 65590 | Zot:5    | Found a huge runed gate.
 65590 | Zot:5    | Found a huge runed gate.
 65590 | Zot:5    | Found a huge runed gate.
 65590 | Zot:5    | Found a huge runed gate.
 65590 | Zot:5    | Found a huge runed gate.
 65598 | Zot:5    | Found a huge runed gate.
 65598 | Zot:5    | Found a huge runed gate.
 65599 | Zot:5    | Found a huge runed gate.
 65612 | Zot:5    | Found a huge runed gate.
 65613 | Zot:5    | Found a huge runed gate.
 65614 | Zot:5    | Found a huge runed gate.
 65623 | Zot:5    | Found a huge runed gate.
 65623 | Zot:5    | Found a huge runed gate.
 65648 | Zot:5    | Found a huge runed gate.
 65648 | Zot:5    | Found a huge runed gate.
 65648 | Zot:5    | Found a huge runed gate.
 65648 | Zot:5    | Found a huge runed gate.
 65648 | Zot:5    | Found a huge runed gate.
 65648 | Zot:5    | Found a huge runed gate.
 65648 | Zot:5    | Found a huge runed gate.
 65656 | Zot:5    | Found a huge runed gate.
 65656 | Zot:5    | Found a huge runed gate.
 65656 | Zot:5    | Found a huge runed gate.
 65656 | Zot:5    | Found a huge runed gate.
 65656 | Zot:5    | Found a huge runed gate.
 65656 | Zot:5    | Found a huge runed gate.
 65657 | Zot:5    | Found a huge runed gate.
 65670 | Zot:5    | Found a huge runed gate.
 65670 | Zot:5    | Found a huge runed gate.
 65686 | Zot:5    | Found a huge runed gate.
 65687 | Zot:5    | Found a huge runed gate.
 65687 | Zot:5    | Found a huge runed gate.
 65911 | Zot:5    | Noticed a dread lich
 65949 | Zot:5    | Noticed a dread lich
 65972 | Zot:5    | Noticed an orb of fire
 65976 | Zot:5    | Gained mutation: You sometimes lose your temper in combat.
                  | [an orb of fire]
 65977 | Zot:5    | Killed an orb of fire
 66014 | Zot:5    | Noticed an ancient lich
 66014 | Zot:5    | Noticed an orb of fire
 66018 | Zot:5    | Killed an ancient lich
 66019 | Zot:5    | Reached skill level 5 in Armour
 66019 | Zot:5    | Reached skill level 5 in Dodging
 66019 | Zot:5    | Killed an orb of fire
 66422 | Zot:5    | Noticed an orb of fire
 66440 | Zot:5    | Noticed an orb of fire
 66441 | Zot:5    | Noticed a dread lich
 66442 | Zot:5    | Lost mutation: You are very agile. (Dex +8, Str/Int -2) [an
                  | orb of fire]
 66444 | Zot:5    | Killed a dread lich
 66445 | Zot:5    | Noticed an orb of fire
 66446 | Zot:5    | Killed an orb of fire
 66451 | Zot:5    | Killed an orb of fire
 66528 | Zot:5    | Killed a dread lich
 66618 | Zot:5    | Noticed an orb of fire
 66623 | Zot:5    | Killed an orb of fire
 66630 | Zot:5    | Killed a dread lich
 66724 | Zot:5    | Noticed an orb of fire
 66728 | Zot:5    | Killed an orb of fire
 66769 | Zot:5    | Noticed an orb of fire
 66809 | Zot:5    | Noticed an orb of fire
 66816 | Zot:5    | Killed an orb of fire
 66821 | Zot:5    | Killed an orb of fire
 66831 | Zot:5    | Noticed an orb of fire
 66835 | Zot:5    | Killed an orb of fire
 66904 | Zot:5    | Noticed an orb of fire
 66910 | Zot:5    | Killed an orb of fire
 67277 | Zot:5    | Killed an orb of fire
 67689 | Zot:5    | Got the Orb of Zot
 67717 | Zot:5    | Noticed an orb of fire
 67717 | Zot:5    | Lost mutation: You passively map a small area around you.
                  | [an orb of fire]
 67722 | Zot:5    | Killed an orb of fire
 67728 | Zot:5    | Acquired a book of the Hunter
 67786 | Zot:4    | Reached skill level 10 in Throwing
 68375 | D:$      | Escaped with the Orb!

Illustrated notes

Levels and vault maps discovered:
D:1:      amcnicky_arrival_single_pillar, layout_rooms, dk_noncrumbling_3,
          grunt_decor_one_mirror
D:2:      layout_rooms, basic_altar, chequers_serial_rivers_micro_e,
          uniq_terence
D:3:      layout_basic, nicolae_ru_great_annihilating_truth,
          mainiacjoe_overflow_large_starburst, serial_shops, nicolae_shop_trees,
          nicolae_grassy_gnolls
D:4:      layout_layer_cave, serial_rivers, chequers_serial_rivers_micro_c,
          chequers_serial_rivers_small_b, chequers_serial_rivers_marsh,
          chequers_serial_rivers_small_3, chequers_serial_rivers_room_b,
          chequers_serial_rivers_marsh, uniq_crazy_yiuf_cottage
D:5:      layout_basic, mainiacjoe_overflow_catwalk_spiral,
          gup_sewer_entry_glass
D:6:      layout_loops_ring, nicolae_shop_vocational, uniq_duvessa
D:7:      layout_basic, minmay_temple_entry_ruins, serial_bayou_pond_b,
          serial_bayou_pond_e, uniq_pikel, uniq_maggie
D:8:      layout_basic, serial_demonic, serial_demonic_a, serial_demonic_a,
          serial_demonic_e, serial_demonic_b, serial_demonic_f,
          nicolae_concentric_dashed_squares_wild
D:9:      layout_irregular_city, minmay_orc_entry_guard_dogs,
          nicolae_straight_to_the_point
D:10:     layout_roguey, lair_entry_dummy, hive_lemuel, uniq_erica
D:11:     layout_basic, serial_shops, nicolae_square_shop, grunt_ministairs_10,
          nicolae_transporter_circle
D:12:     minmay_the_grid_triangle_9x9_rhombus_thin
          [minmay_the_grid_triangle_9x9_swiss_cheese,
          minmay_the_grid_triangle_9x9_prize_center,
          minmay_the_grid_triangle_9x9_warning,
          minmay_the_grid_triangle_9x9_odd_lines], layout_rooms, serial_ice,
          serial_ice_o, serial_ice_b, serial_ice_j, serial_ice_f, serial_ice_n,
          serial_ice_a, serial_ice_c, serial_ice_g, nicolae_twisting_strands,
          okawaru_gym_becter
D:13:     layout_irregular_city, david_vaults_1, tgw_lugonu_bribe, uniq_sonja
D:14:     gammafunk_boulding_lane, layout_irregular_city, reono_crystal_passage
D:15:     grunt_enter_depths_magical_seal, layout_loops_ring,
          dreamdust_wishing_well, hangedman_decor_diamond_cutter,
          nicolae_qazlal_scattered_showers
Temple:   minmay_crystal_spiral_temple
Lair:1:   layout_cave_pods, gauntlet_entry_generic
Lair:2:   layout_cave_pods, pdpol_lair_neglected_garden, grunt_megastairs_5,
          uniq_fannar, uniq_gastronok, uniq_urug
Lair:3:   layout_roguey, minmay_shoals_entry_centaurs,
          nicolae_snake_entry_squirm, gammafunk_ghost_arena
Lair:4:   layout_layer_cave, grunt_megastairs_2
Lair:5:   due_jungle_book, layout_big_grid, slime_entry_1,
          portal_ice_cave_entry_ice_simulacra, serial_bayou_shore_b
Shoals:1: layout_shoals, minmay_shop_mayhem
Shoals:2: layout_shoals, lemuel_oklob_altar
Shoals:3: nicolae_shoals_aurelia_aurita, layout_shoals,
          nicolae_shoals_kraken_party, uniq_polyphemus, uniq_jorgrun,
          uniq_ilsuiw, uniq_mara
Shoals:4: shoals_end_simple, layout_shoals, serial_shops,
          nicolae_shop_window_shopping, nicolae_shoals_spectral_cove
Snake:1:  layout_layer_cave, serial_shops, nicolae_shop_statue_plus,
          nicolae_integral_box, lemuel_fruit_tree
Snake:2:  layout_onion, nicolae_shop_gadgets, uniq_agnes
Snake:3:  layout_layer_cave, grunt_megastairs_1
Snake:4:  johnstein_snake_rune_scales, layout_cave_town, uniq_nikola
Slime:1:  layout_caves
Slime:2:  cheibrodos_slime_lost_civilization_10, layout_caves,
          nicolae_slime_barrier
Slime:3:  layout_caves
Slime:4:  layout_caves
Slime:5
Orc:1:    layout_caves, serial_shops, nicolae_shop_stone, shop,
          nicolae_shop_hallway_stairs, shop, nicolae_diamond_shop,
          nicolae_orc_tapped_out
Orc:2:    grunt_orc_cross, layout_caves, serial_shops, shop,
          kennysheep_orc_chapel, uniq_rupert
Elf:1:    nicolae_elf_arrival_dilemma, layout_onion_city,
          nicolae_trove_entry_isolated, serial_shops, nicolae_shop_stone,
          hangedman_elf_disciples, minivault_27, unseen_surprise_small,
          lemuel_upstairs_altar
Elf:2:    elven_hall_of_blades_hangedman_alternative [mumra_blade_entry_dagger],
          layout_onion_city, not_door_vault_due
Elf:3:    elf_hall_gauntlet_narrow, layout_geoelf_grid
Vaults:1: v_misc_11, nicolae_vaults_little_squares_2, vaults_mumra_hex,
          v_misc_2, v_rooms_4, nicolae_vaults_little_squares_1,
          dpeg_vaults_monster_box, grunt_vaults_hallway_short,
          vaults_dpeg_hooks, vaults_room_glass_cross, layout_vaults_omnigrid
Vaults:2: nicolae_vaults_triangles, nicolae_vaults_three_branches,
          ontoclasm_vaults_idyll, minmay_crypt_entry_necro_gods,
          ontoclasm_vaults_gallery, nicolae_vaults_theta,
          vaults_room_semicircle, vaults_dpeg_spiral,
          nicolae_vaults_little_squares_5, nicolae_vaults_little_squares_2,
          hangedman_vaults_stretched_pinwheel, layout_vaults_ring, serial_shops,
          nicolae_shop_trees
Vaults:3: infiniplex_enter_wizlab_water,
          vaults_standard_mumra_enter_the_diamond,
          nicolae_vaults_diagonal_hallway_6, v_rooms_5,
          hangedman_vaults_hard_town_square, vaults_standard_mumra_x,
          nicolae_vaults_network_quinsquares
          [nicolae_vaults_network_quincunx_subvault,
          nicolae_vaults_network_quincunx_subvault,
          nicolae_vaults_network_quincunx_subvault,
          nicolae_vaults_network_quincunx_subvault],
          hangedman_vaults_restitches, ontoclasm_vaults_twist,
          hangedman_vaults_cutoff, vaults_mumra_chevron_long,
          ontoclasm_vaults_loading_screen, v_misc_23, layout_vaults_big_cross,
          serial_shops, nicolae_shop_waterfront, uniq_bai_suzhen, uniq_margery,
          uniq_frederick
Vaults:4: v_misc_9, vaults_mumra_minichess_inversion, v_alt_pattern_4,
          v_misc_14, v_misc_3, v_misc_26, hangedman_vaults_maws,
          gammafunk_dig_for_victory, hangedman_vaults_restitches,
          v_alt_pattern_3, layout_vaults_maze
Vaults:5
Crypt:1:  layout_rooms, uniq_khufu
Crypt:2:  layout_misc_corridors, grunt_megastairs_4
Crypt:3:  david_glass_crypt, layout_gridlike, tomb_entry_shell_bobbens
Depths:1: layout_twisted_cross, hex_medium, hellmouth_3, kennysheep_boxes
Depths:2: grunt_double_whammy, layout_gridville, lemuel_tele_altar,
          pf_vacation_house_of_asmodeus, rand_demon_pan_entry_7,
          infiniplex_staircase_hallway_doors
Depths:3: minmay_crystal_thing, layout_basic, rand_demon_pan_entry_1,
          hell_entry, abyss_entry, zin_statuary
Depths:4: grunt_zot_entry_pinwheel, layout_gridlike, enter_ziggurat_e,
          hangedman_coc_ice_floe, nicolae_concentric_dashed_squares_mild
Zot:1:    layout_gridlike, hangedman_snake_sidewinding
Zot:2:    layout_concentric_octagons, lemuel_elevator
Zot:3:    layout_onion
Zot:4:    layout_gridlike
Zot:5:    layout_gridlike, door_vault

Skill      XL: |  1  2  3  4  5  6  7  8  9 10 11 12 13 14 15 16 17 18 19 20 21 22 23 24 25 26 27 |
---------------+----------------------------------------------------------------------------------+-----
Stealth        | 4 5 7 9 10 12 14 15 16 17 18 19 | 19.0
Spellcasting   | 3 4 6 7 8 9 12 13 14 15 16 18 19 | 19.0
Conjurations   | 5 6 7 9 11 12 13 14 15 16 17 18 19 | 19.0
Hexes          | 1 2 3 |  3.0
Translocations | 1 2 3 |  3.0
Poison Magic   | 7 8 |  8.0
Fire Magic     | 5 10 12 13 14 15 16 17 18 19 | 19.0
Fighting       | 5 9 12 19 | 19.0
Air Magic      | 7 11 12 15 18 19 | 19.0
Shields        | 11 12 13 14 15 16 18 19 | 19.0
Earth Magic    | 6 12 15 18 19 | 19.0
Throwing       | 10 | 10.3
Armour         | 8 |  8.9
Dodging        | 9 |  9.1

Action                     |  1- 3 |  4- 6 |  7- 9 | 10-12 | 13-15 | 16-18 | 19-21 | 22-24 | 25-27 || total
---------------------------+-------+-------+-------+-------+-------+-------+-------+-------+-------++-------
  Melee: Unarmed           |    12 |    34 |       |       |       |       |       |       |       ||    46
         Dagger            |       |       |     7 |    13 |     7 |    20 |    54 |     1 |       ||   102
         Punch             |       |       |       |     1 |     2 |       |       |       |       ||     3
         Constrict         |       |       |       |       |     1 |     6 |     5 |       |       ||    12
         Staff             |       |       |       |       |       |       |       |       |     5 ||     5
  Throw: Dart              |       |       |     1 |       |     7 |       |       |       |       ||     8
         Throwing net      |       |       |     1 |       |       |       |       |       |       ||     1
   Cast: Magic Dart        |    19 |    13 |     3 |       |       |       |       |       |       ||    35
         Searing Ray       |    23 |    37 |    59 |    56 |     2 |       |       |       |       ||   177
         Fulminant Prism   |       |       |     9 |     4 |       |       |       |       |       ||    13
         Iskenderun's Myst |       |       |     5 |    10 |       |       |       |       |       ||    15
         Olgreb's Toxic Ra |       |       |       |    84 |   112 |    79 |       |       |       ||   275
         Ignite Poison     |       |       |       |    86 |   101 |    77 |       |       |       ||   264
         Fireball          |       |       |       |    30 |   246 |   397 |   100 |     5 |       ||   778
         Arcjolt           |       |       |       |       |    10 |    33 |       |       |       ||    43
         Freezing Cloud    |       |       |       |       |       |    52 |       |       |       ||    52
         Iron Shot         |       |       |       |       |       |    32 |   295 |   126 |    37 ||   490
         Ignition          |       |       |       |       |       |    19 |   130 |    39 |    17 ||   205
         Fire Storm        |       |       |       |       |       |       |     1 |   139 |   533 ||   673
         Chain Lightning   |       |       |       |       |       |       |       |       |    87 ||    87
Ability: Spit Poison       |     2 |     2 |     1 |     1 |       |       |       |       |       ||     6
  Evoke: Wand              |       |       |       |     2 |       |       |     4 |       |       ||     6
    Use: Potion            |       |     1 |     3 |     4 |       |     4 |     7 |     2 |    15 ||    36
         Scroll            |       |       |     6 |     7 |    11 |    13 |     8 |     8 |     4 ||    57
 Armour: Robe              |     4 |    29 |    25 |       |       |   113 |    90 |    26 |    39 ||   326
         Troll leather arm |       |       |    24 |    50 |    85 |    16 |       |       |       ||   175
  Dodge: Dodged            |    13 |    22 |    52 |    59 |    51 |    79 |    53 |     7 |    25 ||   361
  Block: Kite shield       |       |       |       |       |       |    31 |   128 |    34 |    50 ||   243

Table legend: (Time is in decaauts)
 A = Elapsed time spent in this place.
 B = Non-inter-level travel time spent in this place.
 C = Inter-level travel time spent in this place.
 D = Time resting spent in this place.
 E = Time spent auto-exploring this place.
 F = Levels seen in this place.
 G = Mean time per level.
                   A        B        C        D        E       F      G
               +--------+--------+--------+--------+--------+-----+--------+
         Total |  88824 |  78790 |  10034 |    218 |  67039 |  59 | 1505.5 |
       Dungeon |  23688 |  19818 |   3870 |      0 |  17198 |  15 | 1579.2 |
        Temple |    107 |     74 |     33 |      0 |     53 |   1 |  107.0 |
          Lair |  10534 |   8681 |   1853 |     29 |   7759 |   5 | 2106.8 |
        Shoals |   5208 |   4817 |    391 |      0 |   4016 |   4 | 1302.0 |
     Snake Pit |   6852 |   6397 |    455 |      0 |   5551 |   4 | 1713.0 |
    Slime Pits |   3192 |   3065 |    127 |      0 |   2723 |   5 |  638.4 |
  Orcish Mines |   2784 |   2391 |    393 |      0 |   1893 |   2 | 1392.0 |
   Elven Halls |   5869 |   5364 |    505 |    189 |   4330 |   3 | 1956.3 |
        Vaults |  11157 |   9903 |   1254 |      0 |   8095 |   5 | 2231.4 |
         Crypt |   4050 |   3834 |    216 |      0 |   3130 |   3 | 1350.0 |
        Depths |   6258 |   5697 |    561 |      0 |   5002 |   4 | 1564.5 |
           Zot |   8096 |   7724 |    372 |      0 |   6675 |   5 | 1619.2 |
         Trove |     62 |     62 |      0 |      0 |     26 |   1 |   62.0 |
         Sewer |    512 |    512 |      0 |      0 |    349 |   1 |  512.0 |
        Wizlab |    449 |    449 |      0 |      0 |    233 |   1 |  449.0 |
               +--------+--------+--------+--------+--------+-----+--------+

Top non-repeatable levels by time:
Vaults:1: 2949 daAuts
   Zot:5: 2694 daAuts
  Lair:3: 2544 daAuts
 Snake:3: 2387 daAuts
Vaults:3: 2256 daAuts
  Lair:5: 2136 daAuts
Vaults:4: 2114 daAuts
   Elf:1: 2110 daAuts
  Lair:4: 2066 daAuts
     D:7: 2058 daAuts
   Elf:2: 2031 daAuts
     D:4: 2002 daAuts
  Lair:1: 1963 daAuts
 Snake:4: 1945 daAuts
Vaults:5: 1926 daAuts
